 Dungeon Crawl Stone Soup version 0.17.0-23-g0de4337 (webtiles) character file.

90 tp1 the Conjurer (level 4, -2/24 HPs)
             Began as a Deep Elf Conjurer on Nov 14, 2015.
             Slain by Terence
             ... wielding a +0 hand axe
              (10 damage)
             ... on level 2 of the Dungeon.
             The game lasted 00:06:30 (1528 turns).

tp1 the Conjurer (Deep Elf Conjurer)                Turns: 1528, Time: 00:06:30

Health: -2/24      AC:  4    Str:  5    XL:     4   Next: 32%
Magic:  11/11      EV: 18    Int: 26    God:
Gold:   40         SH:  0    Dex: 20    Spells: 2 memorised, 6 levels left

rFire  + . .     SeeInvis .     l - -1 dagger (curse)
rCold  + . .     Clarity  .     a - +0 robe
rNeg   . . .     SustAt   .     (no shield)
rPois  +         Gourm    .     (no helmet)
rElec  +         Spirit   .     (no cloak)
rCorr  +         Warding  .     (no gloves)
rMut   .         Stasis   .     (no boots)
MR     .....                    (no amulet)
Stlth  ++........               (no ring)
                                (no ring)

@: confused, brilliant, agile, resistant, not resistant to hostile enchantments,
unstealthy
A: yellow scales 1
a: no special abilities


You were on level 2 of the Dungeon.
You were not hungry.

You visited 1 branch of the dungeon, and saw 2 of its levels.

You collected 40 gold pieces.

Inventory:

Hand Weapons
 e - a +0 short sword
 l - a cursed -1 dagger (weapon)
Armour
 a - a +0 robe (worn)
Scrolls
 d - a scroll of amnesia {unknown}
 h - a scroll of identify {unknown}
 j - a scroll of enchant weapon {unknown}
Potions
 i - a potion of beneficial mutation
Books
 b - a book of Conjurations

   Spells                             Type                      Level
   a - Magic Dart                     Conjuration                  1
   b - Searing Ray                    Conjuration                  2
   c - Dazzling Spray                 Conjuration/Hexes            3
   d - Fulminant Prism                Conjuration/Hexes            4
   e - Iskenderun's Mystic Blast      Conjuration                  4
   f - Iskenderun's Battlesphere      Conjuration/Charms           5
Comestibles
 c - a bread ration
 f - a beef jerky


   Skills:
 - Level 2.4 Dodging
 - Level 2.4 Stealth
 + Level 3.4 Spellcasting
 - Level 6.2 Conjurations


You had 6 spell levels left.
You knew the following spells:

 Your Spells              Type           Power        Failure   Level  Hunger
a - Magic Dart            Conj           ####         1%          1    None
b - Searing Ray           Conj           ######       1%          2    #......


Dungeon Overview and Level Annotations

Branches:
Dungeon (2/15)

Altars:
Okawaru
Qazlal
Yredelemnul
The Shining One

Annotations:
D:2 Sigmund, Terence


Innate Abilities, Weirdness & Mutations

You are partially covered in yellow scales (AC +2).


Message History

Drink which item? (? for menu, Esc to quit)
It was a potion of ambrosia.
You are more confused.
You feel invigorated.
Terence zaps a wand.
The magic dart hits you!
Sigmund zaps a wand.
You resist with some effort.
Drink which item? (? for menu, Esc to quit)
It was a potion of brilliance.
You feel clever all of a sudden.
Terence zaps a wand.
The magic dart hits you! Sigmund misses you.
Drink which item? (? for menu, Esc to quit)
It was a potion of resistance.
You feel protected.
You feel less invigorated. Sigmund barely misses you.
Terence hits you with a hand axe.
Sigmund giggles. "Time to reap what you sow."
Sigmund casts a spell at you. The magic dart hits you!
Sigmund gestures at you while chanting. The magic dart hits you!
Terence hits you with a hand axe!
You die...

.# #># . #.# .. #.#
... #.# >... #.# [...
#@# ..##..#.####
.......@@..#
..##..####.# #.. #.#
####..#####.#
............#
########......####..#
..........# #.# #.@#
# ##...###.## #..#
######....##...###..#


You could see Sigmund and Terence.

Vanquished Creatures
  Natasha (twice) (D:2)
  2 gnolls (D:2)
  An adder (D:2)
  A giant gecko (D:1)
  An orc (D:2)
  6 goblins
  3 hobgoblins (D:2)
  4 bats
  7 kobolds
  4 rats
31 creatures vanquished.

Notes
Turn   | Place    | Note
--------------------------------------------------------------
     0 | D:1      | tp1 the Deep Elf Conjurer began the quest for the Orb.
     0 | D:1      | Reached XP level 1. HP: 10/10 MP: 6/6
   309 | D:1      | Reached XP level 2. HP: 15/15 MP: 5/8
   313 | D:1      | Learned a level 2 spell: Searing Ray
   365 | D:1      | Reached skill level 5 in Conjurations
   888 | D:2      | Reached XP level 3. HP: 17/19 MP: 3/9
  1123 | D:2      | Found an iron altar of Okawaru.
  1144 | D:2      | Found a stormy altar of Qazlal.
  1144 | D:2      | Found a glowing golden altar of the Shining One.
  1240 | D:2      | Noticed Natasha
  1244 | D:2      | Killed Natasha
  1244 | D:2      | Reached skill level 6 in Conjurations
  1244 | D:2      | Reached XP level 4. HP: 12/24 MP: 6/10
  1391 | D:2      | Noticed Natasha
  1394 | D:2      | Killed Natasha
  1415 | D:2      | Found a basalt altar of Yredelemnul.
  1423 | D:2      | Noticed Terence
  1517 | D:2      | Noticed Sigmund
  1522 | D:2      | Gained mutation: You are partially covered in yellow scales (AC +2). [potion of beneficial mutation]
  1528 | D:2      | Slain by Terence

Action                   |  1- 3 |  4- 6 || total
-------------------------+-------+-------++-------
Melee: Short sword       |     2 |       ||     2
 Cast: Magic Dart        |    37 |     7 ||    44
       Searing Ray       |     3 |     1 ||     4
  Use: Potion            |       |     5 ||     5
  Eat: Chunk             |     1 |     1 ||     2
